 Dungeon Crawl Stone Soup version 0.25.1-2-g60ff931df9 (webtiles) character file.

Game seed: 2964898746629385796

39 Delamore the Shield-Bearer (level 3, 0/24 HPs)
             Began as a Gargoyle Fighter on Sept 30, 2020.
             Slain by an orc warrior
             ... wielding a +1 short sword of venom
              (3 damage)
             ... on level 3 of the Dungeon.
             The game lasted 00:01:53 (1196 turns).

Delamore the Shield-Bearer (Gargoyle Fighter)       Turns: 1196, Time: 00:01:53

Health: 0/24       AC: 14    Str: 20    XL:     3   Next: 47%
Magic:  12/12      EV:  7    Int:  8    God:
Gold:   72         SH:  9    Dex:  9    Spells: 2/2 levels left

rFire    + . .     SeeInvis .   a - +0 flail
rCold    + . .     Gourm    .   c - +0 kite shield
rNeg     + . .     Faith    .   b - +0 scale mail
rPois    ∞         Spirit   .   p - -1 helmet (curse)
rElec    +         Reflect  .   e - scarf {+Inv}
rCorr    +         Harm     .   (no gloves)
MR       .....                  (no boots)
Stlth    ..........             (no amulet)
HPRegen  0.08/turn              l - ring of magical power
MPRegen  0.13/turn              m - +4 ring of protection

@: resistant, hasted, very quick
A: negative energy resistance 1, electricity resistance, unbreathing,
petrification resistance, rot immunity, AC +3
a: Evoke Invisibility


You were on level 3 of the Dungeon.
You were not hungry.

You visited 1 branch of the dungeon, and saw 3 of its levels.

You collected 72 gold pieces.

Inventory:

Hand Weapons
 a - a +0 flail (weapon)
Missiles
 n - 4 poisoned darts (quivered)
Armour
 b - a +0 scale mail (worn)
 c - a +0 kite shield (worn)
 e - a scarf of invisibility (worn)
 p - a cursed -1 helmet (worn)
Jewellery
 l - a ring of magical power (left hand)
 m - a +4 ring of protection (right hand)
Scrolls
 h - 7 scrolls of identify {unknown}
 i - a scroll of enchant weapon {unknown}
 j - 2 scrolls of remove curse {unknown}
Potions
 d - a potion of might
Comestibles
 f - 2 rations
 g - 2 chunks of flesh


   Skills:
 + Level 3.8 Fighting
 + Level 2.7 Maces & Flails
 - Level 3.2 Armour
 + Level 3.9 Shields


You had 2 spell levels left.
You didn't know any spells.
Your spell library was empty.

Dungeon Overview and Level Annotations

Branches:
Dungeon (3/15)

Altars:


Innate Abilities, Weirdness & Mutations

You are resistant to torment.
Your stone body is resilient. (AC +3)
You are immune to poison.
You resist negative energy. (rN+)
You are resistant to electric shocks. (rElec)
You can survive without breathing.
You are immune to petrification.
You are immune to rotting.


Message History

Reactivating autopickup.
There is a stone staircase leading up here.
You hit the orc warrior.
The orc warrior is moderately wounded.
The orc warrior hits you with a +1 short sword of venom!
* * * LOW HITPOINT WARNING * * *
You closely miss the orc warrior.
The orc warrior is moderately wounded.
The orc warrior hits you but does no damage.
The orc warrior hits you with a +1 short sword of venom.
* * * LOW HITPOINT WARNING * * *
It was a potion of resistance.
You feel protected. The orc warrior barely misses you.
You aren't carrying any items that you can evoke.
Quiver which item? (- for none, * to show all) (? for menu, Esc to quit)
Okay, then.
It was a potion of haste.
You feel yourself speed up.
The orc warrior hits you with a +1 short sword of venom.
You die...

###
..#
#.#
#.#
#.#
#.#
#o#
#@#
###


You could see an orc warrior.

Vanquished Creatures
  2 oozes (D:1)
  A leopard gecko (D:1)
  3 giant cockroaches
  A goblin (D:1)
  4 hobgoblins
  2 ball pythons (D:1)
  7 bats
  4 frilled lizards (D:1)
  5 kobolds
  2 rats
31 creatures vanquished.

Notes
Turn   | Place    | Note
-------+----------+-------------------------------------------
     0 | D:1      | Delamore the Gargoyle Fighter began the quest for the Orb.
     0 | D:1      | Reached XP level 1. HP: 14/14 MP: 1/1
   124 | D:1      | Reached XP level 2. HP: 19/19 MP: 2/2
   617 | D:1      | Reached XP level 3. HP: 24/24 MP: 3/3
  1170 | D:2      | Noticed an orc warrior
  1196 | D:3      | Slain by an orc warrior

Illustrated notes

Levels and vault maps discovered:
D:1:      dpeg_arrival_yet_another_circle, layout_basic
D:2:      layout_loops_ring, minmay_misc_feat_rows, serial_park_tiny_1,
          kennysheep_generic_room_12
D:3:      layout_basic, eat_drink_and_be_merry_uskayaw, first_ration,
          nicolae_qazlal_style_of_elements, uniq_robin, uniq_ijyb

Action                   || total
-------------------------++-------
Melee: Flail             ||   142
  Use: Potion            ||     2
  Eat: Chunk             ||     1
Armor: Scale mail        ||   100
Dodge: Dodged            ||    34
Block: Kite shield       ||    76
